 Dungeon Crawl Stone Soup version 0.16-a0-119-gc74d62a (webtiles) character file.

89 HiobMontag the Charmwright (level 4, -6/34 HPs)
             Began as a Merfolk Skald on Aug 12, 2014.
             Killed by nerve-wracking pain
             ... invoked by Grinder
              (9 damage)
             ... on Level 2 of the Dungeon.
             The game lasted 00:12:02 (2928 turns).

HiobMontag the Charmwright (Merfolk Skald)          Turns: 2928, Time: 00:12:03

HP  -6/34        AC  6     Str 11      XL: 4   Next: 55%
MP   1/8         EV 11     Int 11      God:
Gold 154         SH  0     Dex 13      Spells:  3 memorised,  3 levels left

rFire  . . .     SeeInvis .     a - +0 spear
rCold  . . .     Clarity  .     k - +0 leather armour
rNeg   . . .     rCorr    .     (no shield)
rPois  .         rRot     .     (no helmet)
rElec  .         Spirit   .     (no cloak)
SustAb .         Warding  .     h - +2 pair of gloves
rMut   .         Stasis   .     (no boots)
Gourm  .                        (no amulet)
MR     +....                    (no ring)
                                v - ring of protection from magic

@: shrouded, infused (expiring), very slightly contaminated, somewhat resistant
to hostile enchantments, very unstealthy
A: change form in water, swift swim, blurry vision 1, spit poison 1, weak 1
a: Spit Poison


You were on level 2 of the Dungeon.
You were not hungry.

You visited 1 branch of the dungeon, and saw 3 of its levels.

You collected 154 gold pieces.

Inventory:

Hand weapons
 a - a +0 spear (weapon)
Missiles
 g - 9 tomahawks (quivered)
Armour
 h - a +2 pair of gloves (worn)
 k - a +0 leather armour (worn)
 n - a +0 chain mail
Magical devices
 m - a wand of digging (3)
Comestibles
 d - a bread ration
Scrolls
 e - a scroll of fog {unknown}
 f - a scroll of random uselessness {unknown}
 j - 2 scrolls of remove curse
 l - a scroll of amnesia {unknown}
 o - a scroll of noise {unknown}
 s - a scroll of teleportation {unknown}
 w - a scroll of magic mapping {unknown}
Jewellery
 q - an uncursed ring of flight {unknown}
 v - a ring of protection from magic (left hand)
Books
 c - a book of Battle

   Spells                             Type                      Level
   *Infusion                          Charms                       1
   *Shroud of Golubria                Charms/Translocation         2
   *Song of Slaying                   Charms                       2
   Spectral Weapon                    Hexes/Charms                 3
   Regeneration                       Charms/Necromancy            3


   Skills:
 + Level 2.4 Fighting
 + Level 3.4 Polearms
 + Level 1.1 Armour
 + Level 2.5 Dodging
 + Level 0.2 Stealth
 + Level 2.6 Spellcasting
 + Level 4.1 Charms


You had 3 spell levels left.
You knew the following spells:

 Your Spells              Type           Power        Failure   Level  Hunger
a - Infusion              Chrm           ##....       6%          1    ##.....
b - Song of Slaying       Chrm           ##......     10%         2    ###....
c - Shroud of Golubria    Chrm/Tloc      #.........   21%         2    ###....


Dungeon Overview and Level Annotations

Branches:
Dungeon (3/15)

Altars:

Annotations:
D:2 Grinder


Innate Abilities, Weirdness & Mutations

You revert to your normal form in water.
You are very nimble and swift while swimming.
Your vision is a little blurry.
You can spit poison.
You are weak. (Str -2)


Message History

You closely miss Grinder.
Grinder is lightly wounded.
Grinder gestures at you.
You easily resist.
You closely miss Grinder.
Grinder is lightly wounded.
Grinder hits you but does no damage.
You hit Grinder.
Grinder is moderately wounded.
Grinder gestures at you.
You easily resist.
You closely miss Grinder.
Grinder is moderately wounded.
Grinder hits you.
* * * LOW HITPOINT WARNING * * *
Your shroud bends Grinder's attack away.
Your magical infusion is running out.
Grinder gestures at you. Pain shoots through your body!
You die...

### ##### ###
##.######.#.#############.#
..........................#
##................#######.#
#.######.#.......5....##.#
##.######.#.....@.>.......#
.................#####.####
##.######........### #.#
....[.....<........# #.#
.................#.# #.#
......%.....)....#.# #.#
..............####.# #.#
..............# #.###.##
.#########....# #......#


You could see Grinder.

Vanquished Creatures
  Ijyb (D:3)
  2 adders
  6 giant geckos
  2 oozes
  2 orcs (D:3)
  A ball python (D:2)
  8 hobgoblins
  4 jackals
  4 kobolds
  5 bats
  5 giant newts
  5 goblins
  A rat (D:3)
46 creatures vanquished.

Notes
Turn   | Place    | Note
--------------------------------------------------------------
     0 | D:1      | HiobMontag, the Merfolk Skald, began the quest for the Orb.
     0 | D:1      | Reached XP level 1. HP: 16/16 MP: 3/3
   596 | D:1      | Reached XP level 2. HP: 20/22 MP: 0/4
   600 | D:1      | Learned a level 2 spell: Song of Slaying
  1277 | D:2      | Reached XP level 3. HP: 25/28 MP: 3/6
  1458 | D:2      | Reached skill level 4 in Charms
  1462 | D:2      | Learned a level 2 spell: Shroud of Golubria
  2197 | D:3      | Noticed Ijyb
  2219 | D:3      | Reached XP level 4. HP: 24/34 MP: 1/8
  2226 | D:3      | Gained mutation: You are weak. (Str -2) [potion of mutation]
  2226 | D:3      | Gained mutation: You can spit poison. [potion of mutation]
  2226 | D:3      | Gained mutation: Your vision is a little blurry. [potion of mutation]
  2285 | D:3      | Killed Ijyb
  2285 | D:3      | Reached skill level 1 in Armour
  2612 | D:3      | Noticed Grinder
  2613 | D:3      | Paralysed by Grinder for 5 turns
  2928 | D:2      | Killed from afar by Grinder

Action                   |  1- 3 |  4- 6 || total
-------------------------+-------+-------++-------
Melee: Spear             |   134 |   108 ||   242
 Cast: Infusion          |    29 |     8 ||    37
       Song of Slaying   |     2 |     1 ||     3
       Shroud of Golubri |       |     6 ||     6
  Use: Scroll            |     4 |     2 ||     6
       Potion            |       |     6 ||     6
  Eat: Chunk             |     5 |     2 ||     7
       Beef jerky        |       |     1 ||     1
